[Event "FIDE World Senior-50 CC 2023"]
[Site "Terrasini"]
[Date "2023.10.30"]
[Round "6.12"]
[White "Seul, Georg"]
[Black "Boulard, Eric"]
[Result "0-1"]
[ECO "B12"]
[WhiteElo "2383"]
[BlackElo "2181"]
[Annotator "RC"]
[PlyCount "60"]
[EventDate "2023.10.22"]
[EventType "swiss"]
[EventCountry "ITA"]
[SourceTitle "playchess.com"]
[Source "ChessBase"]
[SourceQuality "1"]
[TimeControl "40/5400+30:1800+30"]

1. e4 c6 2. d4 d5 3. e5 c5 4. dxc5 e6 5. Bd3 Bxc5 6. Qg4 g6 7. Nf3 Nc6 8. O-O Qc7 9. Bf4 Bd7 10. Nbd2 O-O-O 11. Nb3 f5 12. Qg3 Bb6 13. Rac1 Nge7 14. c4 dxc4 15. Bxc4 h6 16. h4 g5 17. hxg5 Rdg8 18. Rfd1 Ng6 19. gxh6 Nxf4 20. Qxf4 Rg6 21. Kf1 Rhxh6 22. Qd2 Rh1+ 23. Ke2 Rxd1 24. Kxd1 Rxg2 25. Nbd4 Bxd4 26. Nxd4 Rg1+ 27. Kc2 Rxc1+ 28. Kxc1 Nxe5 29. b3 b5 30. f4 Nf7 0-1

[Event "FIDE World Senior-50 CC 2023"]
[Site "Terrasini"]
[Date "2023.10.30"]
[Round "6.13"]
[White "Paschall, William"]
[Black "Milat, Marcel"]
[Result "1-0"]
[ECO "A14"]
[WhiteElo "2329"]
[BlackElo "2207"]
[Annotator "RC"]
[PlyCount "53"]
[EventDate "2023.10.22"]
[EventType "swiss"]
[EventCountry "ITA"]
[SourceTitle "playchess.com"]
[Source "ChessBase"]
[SourceQuality "1"]
[TimeControl "40/5400+30:1800+30"]

1. Nf3 Nf6 2. c4 e6 3. g3 d5 4. Bg2 Be7 5. O-O O-O 6. b3 d4 7. Bb2 c5 8. b4 Nc6 9. b5 Na5 10. d3 Nd7 11. e3 e5 12. Nbd2 a6 13. a4 Re8 14. Re1 f6 15. Nh4 Nf8 16. exd4 cxd4 17. f4 Bb4 18. Bc1 exf4 19. Rb1 Bd6 20. Rxe8 Qxe8 21. Ne4 Be7 22. gxf4 axb5 23. axb5 b6 24. Nd6 Bxd6 25. Bxa8 Nb7 26. Bd2 Nc5 27. Qf3 1-0

[Event "FIDE World Senior-50 CC 2023"]
[Site "Terrasini"]
[Date "2023.10.30"]
[Round "6.14"]
[White "Morin, Yves"]
[Black "Cummings, David H."]
[Result "1/2-1/2"]
[ECO "C44"]
[WhiteElo "2169"]
[BlackElo "2325"]
[Annotator "RC"]
[PlyCount "87"]
[EventDate "2023.10.22"]
[EventType "swiss"]
[EventCountry "ITA"]
[SourceTitle "playchess.com"]
[Source "ChessBase"]
[SourceQuality "1"]
[TimeControl "40/5400+30:1800+30"]

1. e4 e5 2. Nf3 Nc6 3. c3 d5 4. d3 Nf6 5. Qa4 Bd6 6. Bg5 dxe4 7. dxe4 h6 8. Bh4 Bd7 9. Qc2 g5 10. Bg3 Nh5 11. Nbd2 Nxg3 12. hxg3 Qf6 13. Nc4 O-O-O 14. Ne3 Ne7 15. Bd3 g4 16. Nh4 Bc5 17. Qe2 Qg5 18. O-O-O Bxe3+ 19. Qxe3 Qxe3+ 20. fxe3 Be6 21. b3 Rd6 22. Bc2 Rxd1+ 23. Rxd1 h5 24. Rf1 Rh6 25. Kd2 Kd7 26. Ke2 Ke8 27. Kd2 Nc8 28. Nf5 Bxf5 29. exf5 Ke7 30. Rh1 Nd6 31. e4 Kf6 32. Bd3 Kg5 33. Rh4 Ne8 34. Ke3 Rd6 35. Rh1 Nf6 36. Bc4 Rd7 37. b4 Kh6 38. a4 Kg7 39. a5 Rd6 40. Bd3 Rc6 41. Kd2 Kf8 42. Rc1 Ke7 43. Ke3 Rd6 44. Rh1 1/2-1/2

[Event "FIDE World Senior-50 CC 2023"]
[Site "Terrasini"]
[Date "2023.10.30"]
[Round "6.15"]
[White "Cabe, Arlan"]
[Black "Koganov, Mikhail"]
[Result "1-0"]
[ECO "A46"]
[WhiteElo "2303"]
[BlackElo "2170"]
[Annotator "RC"]
[PlyCount "153"]
[EventDate "2023.10.22"]
[EventType "swiss"]
[EventCountry "ITA"]
[SourceTitle "playchess.com"]
[Source "ChessBase"]
[SourceQuality "1"]
[TimeControl "40/5400+30:1800+30"]

1. d4 d6 2. Nf3 Nf6 3. b3 g6 4. Bb2 d5 5. c4 c6 6. e3 Bg7 7. Be2 O-O 8. Nc3 Bf5 9. O-O Nbd7 10. cxd5 cxd5 11. a4 Rc8 12. a5 Nb8 13. b4 Ne4 14. Qb3 Nxc3 15. Bxc3 Bg4 16. Rfc1 e6 17. b5 Re8 18. Ra2 Bf8 19. Ne5 Bxe2 20. Rxe2 Nd7 21. Nd3 Bd6 22. Rec2 Rc4 23. Nb2 Rc8 24. Bb4 Rxc2 25. Rxc2 Bb8 26. Nd3 Kg7 27. Be1 Nf6 28. f3 Re7 29. b6 axb6 30. axb6 Nd7 31. Ba5 Bd6 32. f4 f6 33. Qb5 Kf7 34. Nb2 Nb8 35. Bb4 Bxb4 36. Qxb4 Nc6 37. Qb5 Qa8 38. Na4 Qa5 39. Qxa5 Nxa5 40. Rc8 Re8 41. Rc7+ Re7 42. Kf2 Nc4 43. Ke2 Ke8 44. Rc8+ Kd7 45. Rc5 Kd8 46. e4 Rd7 47. e5 fxe5 48. fxe5 Re7 49. g3 h6 50. Kd3 Rf7 51. Rxc4 dxc4+ 52. Kxc4 Rf1 53. Nc5 Rc1+ 54. Kd3 Kc8 55. Nxe6 Rc6 56. d5 Rxb6 57. d6 Rb1 58. Nf8 Rd1+ 59. Kc4 Kd8 60. Kc5 Ke8 61. Nxg6 Kd7 62. Nf8+ Ke8 63. Ne6 Re1 64. Kd5 Rd1+ 65. Nd4 b5 66. e6 b4 67. d7+ Kd8 68. Ke5 Kc7 69. Nb5+ Kd8 70. Nd4 Kc7 71. Nb3 Kd8 72. Na5 Kc7 73. Kf6 h5 74. Ke7 Rd2 75. Nb3 Rd1 76. Nc5 Kc6 77. d8=Q 1-0

[Event "FIDE World Senior-50 CC 2023"]
[Site "Terrasini"]
[Date "2023.10.30"]
[Round "6.16"]
[White "Schnelzer, Reinhold"]
[Black "Nadanian, Ashot"]
[Result "0-1"]
[ECO "A90"]
[WhiteElo "2174"]
[BlackElo "2279"]
[Annotator "RC"]
[PlyCount "90"]
[EventDate "2023.10.22"]
[EventType "swiss"]
[EventCountry "ITA"]
[SourceTitle "playchess.com"]
[Source "ChessBase"]
[SourceQuality "1"]
[TimeControl "40/5400+30:1800+30"]

1. d4 e6 2. c4 f5 3. Nf3 Nf6 4. g3 d5 5. Bg2 c6 6. O-O Bd6 7. b3 Qe7 8. Bb2 b6 9. Nbd2 Bb7 10. Ne5 O-O 11. Ndf3 a5 12. Qc2 Na6 13. cxd5 cxd5 14. Rfc1 Rfc8 15. Qd1 Nb4 16. a3 Na6 17. a4 Qe8 18. Rxc8 Rxc8 19. Rc1 Rxc1 20. Qxc1 b5 21. Qd1 Ne4 22. e3 bxa4 23. bxa4 Nb4 24. Bf1 Ba6 25. Bxa6 Nxa6 26. Nd3 Nb4 27. Nfe5 Qc8 28. Kg2 Nxd3 29. Nxd3 Qc4 30. Nc1 Bb4 31. Nd3 Bd6 32. Nc1 g6 33. Nd3 Nf6 34. Nc5 Kf7 35. Qd2 Bxc5 36. dxc5 Qxc5 37. Ba1 Nd7 38. Qb2 e5 39. Qb7 Ke6 40. Qa8 Qc1 41. Qg8+ Kd6 42. Qxh7 Qxa1 43. Qxg6+ Kc7 44. Qxf5 Qxa4 45. Qf7 Qc6 0-1

[Event "FIDE World Senior-50 CC 2023"]
[Site "Terrasini"]
[Date "2023.10.30"]
[Round "6.17"]
[White "Issakainen, Ari"]
[Black "Maier, Christian"]
[Result "0-1"]
[ECO "E36"]
[WhiteElo "2152"]
[BlackElo "2278"]
[Annotator "RC"]
[PlyCount "94"]
[EventDate "2023.10.22"]
[EventType "swiss"]
[EventCountry "ITA"]
[SourceTitle "playchess.com"]
[Source "ChessBase"]
[SourceQuality "1"]
[TimeControl "40/5400+30:1800+30"]

1. d4 e6 2. c4 Nf6 3. Nc3 Bb4 4. Qc2 d5 5. Bg5 O-O 6. a3 Bxc3+ 7. Qxc3 Nbd7 8. Nf3 b6 9. cxd5 exd5 10. e3 c5 11. Bb5 Qc7 12. Bf4 Qb7 13. O-O Ne4 14. Qc2 c4 15. b3 a6 16. Bxd7 Bxd7 17. bxc4 dxc4 18. Ne5 Be6 19. f3 Nf6 20. e4 b5 21. d5 Bd7 22. Qc3 Rfc8 23. Be3 Ne8 24. Bd4 f6 25. Nxd7 Qxd7 26. g4 Nd6 27. g5 fxg5 28. Ra2 a5 29. Rg2 b4 30. Qe3 Nb5 31. axb4 axb4 32. Kh1 Nxd4 33. Qxd4 Qa7 34. Qe5 h6 35. h4 Re8 36. Qd6 Qe7 37. Qc6 Rac8 38. Qa6 Qf6 39. Qb5 Rxe4 40. hxg5 Rh4+ 41. Kg1 hxg5 42. Qxb4 Qd4+ 43. Rff2 Ra8 44. Rxg5 Ra1+ 45. Kg2 Rh2+ 46. Kxh2 Qxf2+ 47. Kh3 Qxf3+ 0-1

[Event "FIDE World Senior-50 CC 2023"]
[Site "Terrasini"]
[Date "2023.10.30"]
[Round "6.18"]
[White "Nikolaidis, Konstantinos"]
[Black "Mantovani, Renzo"]
[Result "1/2-1/2"]
[ECO "A30"]
[WhiteElo "2096"]
[BlackElo "2236"]
[Annotator "RC"]
[PlyCount "128"]
[EventDate "2023.10.22"]
[EventType "swiss"]
[EventCountry "ITA"]
[SourceTitle "playchess.com"]
[Source "ChessBase"]
[SourceQuality "1"]
[TimeControl "40/5400+30:1800+30"]

1. Nf3 Nf6 2. c4 c5 3. g3 b6 4. Bg2 Bb7 5. O-O e6 6. Nc3 Be7 7. d4 cxd4 8. Qxd4 d6 9. Rd1 a6 10. b3 Nbd7 11. Ba3 Nc5 12. Qe3 Qc7 13. Nd4 Bxg2 14. Kxg2 O-O 15. Rac1 Rfe8 16. Qf3 Rac8 17. g4 h6 18. h4 Nh7 19. Rh1 Bf6 20. Rcd1 g6 21. g5 hxg5 22. hxg5 Bxg5 23. b4 Nb7 24. Ne4 f5 25. Nxg5 Nxg5 26. Qg3 Ne4 27. Qxg6+ Qg7 28. Qxg7+ Kxg7 29. Bb2 Nf6 30. Rc1 Kf7 31. Rh6 Rh8 32. Nxf5 Rxh6 33. Nxh6+ Kg6 34. Bxf6 Kxf6 35. Ng4+ Kg6 36. Ne3 d5 37. Kf3 Rf8+ 38. Kg2 Rc8 39. Kf3 Rf8+ 40. Kg2 Rc8 41. Rc2 d4 42. Nf1 a5 43. a3 axb4 44. axb4 Kf5 45. f3 Ke5 46. Kf2 Ra8 47. Nd2 Ra4 48. Rb2 Ra1 49. e3 dxe3+ 50. Kxe3 Re1+ 51. Kd3 Kd6 52. Ra2 Kc6 53. Ra6 Kc7 54. Ra7 Kb8 55. Ra6 Kc7 56. Ra8 Nd6 57. Rh8 Nf5 58. Rh7+ Kd6 59. Rb7 Re3+ 60. Kc2 Nd4+ 61. Kb2 Kc6 62. Re7 Kd6 63. Rb7 Kc6 64. Re7 Kd6 1/2-1/2

[Event "FIDE World Senior-50 CC 2023"]
[Site "Terrasini"]
[Date "2023.10.30"]
[Round "6.19"]
[White "Estremera Panos, Sergio"]
[Black "Kalisky, Vladimir"]
[Result "0-1"]
[ECO "E91"]
[WhiteElo "2232"]
[BlackElo "2169"]
[Annotator "RC"]
[PlyCount "100"]
[EventDate "2023.10.22"]
[EventType "swiss"]
[EventCountry "ITA"]
[SourceTitle "playchess.com"]
[Source "ChessBase"]
[SourceQuality "1"]
[TimeControl "40/5400+30:1800+30"]

1. d4 Nf6 2. c4 d6 3. Nf3 c5 4. dxc5 Qa5+ 5. Nc3 Qxc5 6. e4 g6 7. Be2 Bg7 8. O-O O-O 9. Be3 Qa5 10. Nd4 Bd7 11. f3 Rc8 12. Qd2 Nc6 13. Nb3 Qd8 14. c5 Ne8 15. Rfd1 Be6 16. Nd5 Ne5 17. Rac1 dxc5 18. Rxc5 Rxc5 19. Nxc5 Bxd5 20. Qxd5 Qxd5 21. Rxd5 b6 22. Na6 h5 23. h3 Nd6 24. b3 Rc8 25. Bf1 Kf8 26. Nb4 a5 27. Nd3 Nd7 28. e5 Nf5 29. Bf2 Ke8 30. g4 hxg4 31. hxg4 Nh6 32. Rb5 Rc6 33. a4 e6 34. Be2 Ng8 35. f4 Ne7 36. Bf3 Rc3 37. Be4 f5 38. exf6 Nxf6 39. Bd4 Nxe4 40. Bxg7 Rxd3 41. Rxb6 Kf7 42. Be5 Rg3+ 43. Kh2 Rxg4 44. b4 Nf5 45. Rb7+ Ke8 46. b5 g5 47. Rb8+ Kf7 48. Rb7+ Kg6 49. b6 gxf4 50. Rc7 f3 0-1

[Event "FIDE World Senior-50 CC 2023"]
[Site "Terrasini"]
[Date "2023.11.01"]
[Round "7.1"]
[White "Morovic Fernandez, Ivan"]
[Black "Adams, Michael"]
[Result "1/2-1/2"]
[WhiteElo "2488"]
[BlackElo "2670"]
[Annotator "TA"]
[PlyCount "32"]
[EventDate "2023.10.22"]
[EventType "swiss"]
[EventCountry "ITA"]
[SourceTitle "playchess.com"]
[Source "ChessBase"]
[SourceQuality "1"]
[TimeControl "40/5400+30:1800+30"]

1. e4 e5 2. Nf3 Nc6 3. Bb5 a6 4. Ba4 Nf6 5. O-O d6 6. c3 Bd7 7. Re1 g6 8. d4 Bg7 9. Nbd2 {[%emt 0:03:05] 9.h3 is the hot move. C79: Ruy Lopez: Steinitz-type lines with 3...a6 4 Ba4 Nf6 5 0-0 d6.} O-O 10. Bxc6 {[%emt 0:06:12] [#]} {Predecessor:} Bxc6 $146 11. dxe5 dxe5 12. Nxe5 Bxe4 13. Nxe4 Qxd1 14. Nxf6+ Bxf6 15. Rxd1 Bxe5 16. Be3 Rfd8 {½-½ Djukic,N (2507)-Sasikiran,K (2660) EU-Cup 35th Ulcinj 2019 (1.3)} 1/2-1/2

[Event "FIDE World Senior-50 CC 2023"]
[Site "Terrasini"]
[Date "2023.11.01"]
[Round "7.2"]
[White "Atalik, Suat"]
[Black "Minasian, Artashes"]
[Result "1-0"]
[ECO "E41"]
[WhiteElo "2427"]
[BlackElo "2462"]
[Annotator "ChessBase"]
[PlyCount "81"]
[EventDate "2023.10.22"]
[EventType "swiss"]
[EventCountry "ITA"]
[SourceTitle "playchess.com"]
[Source "ChessBase"]
[SourceQuality "1"]
[TimeControl "40/5400+30:1800+30"]

1. d4 Nf6 2. c4 e6 3. Nc3 Bb4 4. e3 Bxc3+ 5. bxc3 c5 6. Ne2 d6 7. Ng3 Nc6 8. Bd3 e5 9. O-O O-O 10. d5 Ne7 11. Qc2 Ng6 12. Bd2 Re8 13. f3 Bd7 14. Rfb1 Rb8 15. a4 Qa5 16. e4 h6 17. Nf5 Qc7 18. g3 Nf8 19. Re1 N6h7 20. h4 Ng6 21. Re2 Ne7 22. Rh2 Nxf5 23. exf5 a6 24. g4 b5 25. g5 bxc4 26. Be4 f6 27. Rg2 h5 28. Kh1 Re7 29. Rag1 Kh8 30. Qc1 Bxa4 31. gxf6 Nxf6 32. Bg5 Rf8 33. Bxf6 Rxf6 34. Rg6 Rxg6 35. fxg6 Qc8 36. Rg3 Kg8 37. Qg5 Kf8 38. Qxh5 Re8 39. Qh8+ Ke7 40. Qxg7+ Kd8 41. Qf7 1-0

[Event "FIDE World Senior-50 CC 2023"]
[Site "Terrasini"]
[Date "2023.11.01"]
[Round "7.3"]
[White "Stefansson, Hannes"]
[Black "Vinter-Schou, Uffe"]
[Result "1-0"]
[ECO "B48"]
[WhiteElo "2529"]
[BlackElo "2345"]
[Annotator "RC"]
[PlyCount "105"]
[EventDate "2023.10.22"]
[EventType "swiss"]
[EventCountry "ITA"]
[SourceTitle "playchess.com"]
[Source "ChessBase"]
[SourceQuality "1"]
[TimeControl "40/5400+30:1800+30"]

1. e4 c5 2. Nf3 e6 3. d4 cxd4 4. Nxd4 Nc6 5. Nc3 Qc7 6. Be3 a6 7. a3 b5 8. Nxc6 Qxc6 9. Bd3 Bb7 10. O-O Nf6 11. Qf3 h5 12. Bf4 Be7 13. Rfe1 h4 14. h3 Rh5 15. Bf1 Rc8 16. Rad1 g6 17. Bd3 Kf8 18. Qe3 Bc5 19. Qd2 Kg7 20. Be2 Rhh8 21. Bf3 Qb6 22. Be5 Bc6 23. Bxf6+ Kxf6 24. e5+ Kg7 25. Bxc6 dxc6 26. Qf4 Rh5 27. Qf6+ Kg8 28. Ne4 Rf5 29. Qxh4 Kg7 30. g4 Rf3 31. Kg2 Rh8 32. Qxh8+ Kxh8 33. Kxf3 Bd4 34. c3 Bxe5 35. Ng5 Bf6 36. Nxf7+ Kg8 37. Nd6 Bh4 38. Ne4 Qc7 39. g5 Qh2 40. Rg1 Qxh3+ 41. Ke2 e5 42. Rd3 Qf5 43. Re3 Qf4 44. Rg2 Kg7 45. f3 Qf7 46. Rg4 Qa2 47. Rxh4 Qxb2+ 48. Nd2 Qxa3 49. Rhe4 a5 50. Rxe5 a4 51. f4 Qd6 52. Ne4 Qd7 53. Nf6 1-0

[Event "FIDE World Senior-50 CC 2023"]
[Site "Terrasini"]
[Date "2023.11.01"]
[Round "7.4"]
[White "Sturua, Zurab"]
[Black "Novik, Maxim"]
[Result "0-1"]
[ECO "A29"]
[WhiteElo "2514"]
[BlackElo "2375"]
[Annotator "ChessBase"]
[PlyCount "99"]
[EventDate "2023.10.22"]
[EventType "swiss"]
[EventCountry "ITA"]
[SourceTitle "playchess.com"]
[Source "ChessBase"]
[SourceQuality "1"]
[TimeControl "40/5400+30:1800+30"]

1. c4 e5 2. Nc3 Nf6 3. Nf3 Nc6 4. g3 d5 5. cxd5 Nxd5 6. Bg2 Nb6 7. O-O Be7 8. d3 O-O 9. a3 Re8 10. b4 a5 11. b5 Nd4 12. Nxe5 Bf6 13. f4 Bxe5 14. fxe5 Rxe5 15. Bb2 Bg4 16. Rf2 Qd7 17. Qf1 Rae8 18. e4 Nxb5 19. Nd5 Nxd5 20. Bxe5 Ne3 21. Qc1 Nd1 22. Bxg7 Kxg7 23. Qg5+ Kh8 24. Qf6+ Kg8 25. Rf4 h5 26. Qg5+ Kh7 27. Rxd1 Rg8 28. Rxg4 Qxg4 29. Qxg4 hxg4 30. Rb1 Rg5 31. a4 Nd4 32. Rxb7 Rc5 33. Rb2 Rc3 34. Bf1 Ra3 35. Kf2 Rxa4 36. Be2 Ra1 37. Bxg4 a4 38. Bh5 a3 39. Rb7 a2 40. Ra7 Nb5 41. Ra5 Rh1 42. Bxf7 a1=Q 43. Rxa1 Rxa1 44. h4 Kg7 45. Bc4 Nd4 46. Ke3 c5 47. Kf4 Rf1+ 48. Ke5 Rg1 49. Kf4 Nc6 50. h5 0-1

[Event "FIDE World Senior-50 CC 2023"]
[Site "Terrasini"]
[Date "2023.11.01"]
[Round "7.5"]
[White "Lima, Darcy"]
[Black "Bischoff, Klaus"]
[Result "1/2-1/2"]
[ECO "E07"]
[WhiteElo "2416"]
[BlackElo "2473"]
[Annotator "ChessBase"]
[PlyCount "182"]
[EventDate "2023.10.22"]
[EventType "swiss"]
[EventCountry "ITA"]
[SourceTitle "playchess.com"]
[Source "ChessBase"]
[SourceQuality "1"]
[TimeControl "40/5400+30:1800+30"]

1. c4 e6 2. g3 d5 3. Nf3 Nf6 4. Bg2 Be7 5. O-O O-O 6. d4 c6 7. Nc3 Nbd7 8. Qd3 b6 9. e4 Ba6 10. b3 Rc8 11. e5 Ne8 12. a4 Nc7 13. Re1 c5 14. Nb5 Bb7 15. Nxa7 Ra8 16. Nb5 dxc4 17. bxc4 Nxb5 18. cxb5 Ra7 19. Bd2 h6 20. dxc5 Nxc5 21. Qxd8 Rxd8 22. Bb4 Rd3 23. Nd2 Bxg2 24. Kxg2 Nb3 25. Nxb3 Bxb4 26. Re3 Rxe3 27. fxe3 Bc3 28. Ra2 Bxe5 29. a5 bxa5 30. Rxa5 Rc7 31. b6 Rc2+ 32. Kf3 Rb2 33. Nc5 Bd6 34. Ra8+ Kh7 35. b7 Bxc5 36. b8=Q Rxb8 37. Rxb8 g6 38. g4 Kg7 39. h4 h5 40. g5 Bd6 41. Rb7 Be5 42. Rb5 Bc3 43. Rc5 Be1 44. Rc4 Kf8 45. Ra4 Ke7 46. Ke2 Bg3 47. Kf3 Be1 48. Ke2 Bg3 49. Kd3 Bf2 50. Re4 Bg3 51. Ra4 Bf2 52. Ke2 Bg3 53. Kf1 Kf8 54. Kg2 Be1 55. Kh3 Bf2 56. e4 Be1 57. e5 Ke7 58. Re4 Bc3 59. Kg2 Ba5 60. Kf3 Bb6 61. Re2 Bc5 62. Ke4 Ke8 63. Kd3 Bb4 64. Kc4 Ba5 65. Kb5 Bc3 66. Kc6 Ke7 67. Re4 Bb2 68. Kc5 Ba3+ 69. Kb5 Bb2 70. Kb4 Ba1 71. Kb3 Ke8 72. Kc4 Ke7 73. Re2 Ke8 74. Kd3 Ke7 75. Re3 Ke8 76. Re1 Bb2 77. Ke4 Ke7 78. Re3 Ke8 79. Rb3 Ba1 80. Re3 Ke7 81. Re2 Ke8 82. Rc2 Kd7 83. Rc5 Bb2 84. Kd3 Ke7 85. Rb5 Ba1 86. Ke4 Bc3 87. Rb1 Ke8 88. Rc1 Bb2 89. Rc7 Ba1 90. Kf4 Bd4 91. Rc4 Bb2 1/2-1/2

[Event "FIDE World Senior-50 CC 2023"]
[Site "Terrasini"]
[Date "2023.11.01"]
[Round "7.6"]
[White "Nadanian, Ashot"]
[Black "Dlugy, Maxim"]
[Result "0-1"]
[ECO "B45"]
[WhiteElo "2279"]
[BlackElo "2520"]
[Annotator "ChessBase"]
[PlyCount "62"]
[EventDate "2023.10.22"]
[EventType "swiss"]
[EventCountry "ITA"]
[SourceTitle "playchess.com"]
[Source "ChessBase"]
[SourceQuality "1"]
[TimeControl "40/5400+30:1800+30"]

1. e4 c5 2. Nf3 e6 3. d4 cxd4 4. Nxd4 Nf6 5. Nc3 Nc6 6. Nxc6 bxc6 7. e5 Nd5 8. Ne4 Qc7 9. f4 Qb6 10. c4 Bb4+ 11. Ke2 f5 12. exf6 Nxf6 13. Nd6+ Bxd6 14. Qxd6 Ng4 15. Kf3 Nh6 16. Bd3 Nf7 17. Qa3 c5 18. Qc3 Bb7+ 19. Kg3 g5 20. fxg5 Qd6+ 21. Kh3 Rg8 22. Rf1 e5 23. Rf5 h6 24. g6 Rxg6 25. g4 Qe6 26. Be3 h5 27. Rg1 hxg4+ 28. Rxg4 O-O-O 29. Qa5 d6 30. Rxg6 Qxg6 31. Bg5 Nxg5+ 0-1

[Event "FIDE World Senior-50 CC 2023"]
[Site "Terrasini"]
[Date "2023.11.01"]
[Round "7.7"]
[White "Degraeve, Jean-Marc"]
[Black "Plotkin, Victor"]
[Result "1/2-1/2"]
[ECO "C43"]
[WhiteElo "2479"]
[BlackElo "2229"]
[Annotator "ChessBase"]
[PlyCount "113"]
[EventDate "2023.10.22"]
[EventType "swiss"]
[EventCountry "ITA"]
[SourceTitle "playchess.com"]
[Source "ChessBase"]
[SourceQuality "1"]
[TimeControl "40/5400+30:1800+30"]

1. e4 e5 2. Nf3 Nf6 3. d4 Nxe4 4. Bd3 Nc6 5. Nxe5 Nxe5 6. Bxe4 Ng6 7. c4 Be7 8. O-O d6 9. Nc3 c6 10. f4 f5 11. Bf3 O-O 12. Be3 Bf6 13. Qd2 Qc7 14. g3 Bd7 15. Rab1 Rfe8 16. b4 Be6 17. Qd3 Ne7 18. Rfc1 Qd7 19. d5 Bf7 20. dxc6 bxc6 21. Bd4 Bxd4+ 22. Qxd4 Rad8 23. Rd1 Qc7 24. c5 dxc5 25. Qxc5 Qb6 26. Qxb6 axb6 27. Rxd8 Rxd8 28. Rd1 Rxd1+ 29. Bxd1 Kf8 30. a3 Ke8 31. Na4 Nc8 32. Be2 Kd7 33. Ba6 Bb3 34. Bxc8+ Kxc8 35. Nc3 Kc7 36. Kf2 Kd6 37. Ke3 c5 38. Kd3 Kc6 39. Nb1 Kd5 40. Nc3+ Kc6 41. Ke3 Kd6 42. Kd2 Kc6 43. Kc1 Kd6 44. Kb2 Be6 45. Na4 Kc6 46. Kc3 h6 47. h4 Kb5 48. Nb2 Kc6 49. Nd1 Kd5 50. Kd3 Kc6 51. Ne3 Kb5 52. Kc3 Kc6 53. Nd1 Kd5 54. Kd3 Kc6 55. Nc3 Bb3 56. Ke3 Kd6 57. Kd3 1/2-1/2

[Event "FIDE World Senior-50 CC 2023"]
[Site "Terrasini"]
[Date "2023.11.01"]
[Round "7.8"]
[White "Holzke, Frank"]
[Black "Dieu, Bruno"]
[Result "1-0"]
[ECO "C09"]
[WhiteElo "2473"]
[BlackElo "2221"]
[Annotator "ChessBase"]
[PlyCount "105"]
[EventDate "2023.10.22"]
[EventType "swiss"]
[EventCountry "ITA"]
[SourceTitle "playchess.com"]
[Source "ChessBase"]
[SourceQuality "1"]
[TimeControl "40/5400+30:1800+30"]

1. e4 e6 2. d4 d5 3. Nd2 c5 4. Ngf3 Nc6 5. exd5 exd5 6. Bb5 Qe7+ 7. Be2 Qc7 8. O-O Nf6 9. Re1 Be6 10. Bd3 Bd6 11. dxc5 Bxc5 12. Nb3 Bb6 13. Bg5 O-O-O 14. c3 Rde8 15. Bxf6 gxf6 16. Nfd4 Qf4 17. g3 Rhg8 18. Bxh7 Rg7 19. Bf5 Ne5 20. Qh5 Bxf5 21. Qxf5+ Qxf5 22. Nxf5 Nf3+ 23. Kf1 Rxe1+ 24. Rxe1 Rg5 25. Ne7+ Kd7 26. h4 Rh5 27. Re2 Bd8 28. Nc5+ Kc7 29. Nd3 Kd6 30. Nf4 Re5 31. Nexd5 Nh2+ 32. Kg2 Rxe2 33. Nxe2 Kxd5 34. Kxh2 Ke4 35. Nd4 f5 36. f3+ Ke3 37. Kg2 f4 38. g4 Bxh4 39. Nf5+ Kd3 40. Nxh4 Kc2 41. Nf5 Kxb2 42. Nd6 f6 43. Nxb7 Kxc3 44. Nd6 a5 45. Ne4+ Kb2 46. Nxf6 Kxa2 47. g5 a4 48. g6 a3 49. g7 Kb1 50. g8=Q a2 51. Qb3+ Ka1 52. Qc3+ Kb1 53. Ne4 1-0

[Event "FIDE World Senior-50 CC 2023"]
[Site "Terrasini"]
[Date "2023.11.01"]
[Round "7.9"]
[White "Matamoros Franco, Carlos S."]
[Black "Stets, Vasyl"]
[Result "1/2-1/2"]
[ECO "A30"]
[WhiteElo "2455"]
[BlackElo "2169"]
[Annotator "ChessBase"]
[PlyCount "83"]
[EventDate "2023.10.22"]
[EventType "swiss"]
[EventCountry "ITA"]
[SourceTitle "playchess.com"]
[Source "ChessBase"]
[SourceQuality "1"]
[TimeControl "40/5400+30:1800+30"]

1. Nf3 Nf6 2. g3 c5 3. c4 b6 4. Bg2 Bb7 5. O-O g6 6. Nc3 Bg7 7. d4 cxd4 8. Qxd4 O-O 9. Qh4 d6 10. Bh6 Nbd7 11. b3 Rb8 12. Bxg7 Kxg7 13. Qd4 Kg8 14. Rfd1 a6 15. Nd5 b5 16. Nxf6+ Nxf6 17. c5 Ne4 18. cxd6 Qxd6 19. Qxd6 Nxd6 20. Ne5 Bxg2 21. Kxg2 Rfc8 22. Rac1 Kg7 23. Kf3 f6 24. Nd7 Ra8 25. Nb6 Rxc1 26. Rxc1 Ra7 27. Nd5 Kf7 28. Rc6 a5 29. Nc7 b4 30. e3 a4 31. Nd5 axb3 32. axb3 Ra3 33. Rc7 Ke6 34. Nf4+ Kf7 35. Nd5 Ke6 36. Nxb4 Rxb3 37. Nc6 Nb5 38. Rb7 Kd6 39. Na5 Rb1 40. Kg2 Nc3 41. Nc4+ Ke6 42. Rxb1 1/2-1/2

[Event "FIDE World Senior-50 CC 2023"]
[Site "Terrasini"]
[Date "2023.11.01"]
[Round "7.10"]
[White "Maier, Christian"]
[Black "Godena, Michele"]
[Result "0-1"]
[ECO "A20"]
[WhiteElo "2278"]
[BlackElo "2441"]
[Annotator "ChessBase"]
[PlyCount "90"]
[EventDate "2023.10.22"]
[EventType "swiss"]
[EventCountry "ITA"]
[SourceTitle "playchess.com"]
[Source "ChessBase"]
[SourceQuality "1"]
[TimeControl "40/5400+30:1800+30"]

1. c4 e5 2. g3 c6 3. Nf3 e4 4. Nd4 d5 5. cxd5 Qxd5 6. e3 Bc5 7. Nc3 Qe5 8. f4 exf3 9. Nxf3 Qe7 10. d4 Bb6 11. Bd3 Bg4 12. O-O Nf6 13. Qc2 Nbd7 14. Bd2 O-O 15. Rae1 c5 16. Na4 Bxf3 17. Rxf3 cxd4 18. Nxb6 axb6 19. exd4 Qd6 20. Bc3 Rxa2 21. Bc4 Raa8 22. Qb3 b5 23. Qxb5 Nb6 24. Bb3 Nbd5 25. Re5 Rad8 26. Rff5 Ne7 27. Rf4 Ned5 28. Rff5 Nxc3 29. bxc3 Rc8 30. Rf3 Rc7 31. Qd3 Rfc8 32. Qd2 Qa3 33. c4 Rxc4 34. d5 Qa1+ 35. Re1 Rc1 36. Rff1 Rxe1 37. Rxe1 Qa3 38. Qe3 h6 39. Qb6 Rc1 40. Rxc1 Qxc1+ 41. Kg2 Qd2+ 42. Kh3 Ne4 43. d6 Ng5+ 44. Kg4 Qe2+ 45. Kf4 Qe4# 0-1

[Event "FIDE World Senior-50 CC 2023"]
[Site "Terrasini"]
[Date "2023.11.01"]
[Round "7.11"]
[White "Boulard, Eric"]
[Black "Paschall, William"]
[Result "1/2-1/2"]
[ECO "A37"]
[WhiteElo "2181"]
[BlackElo "2329"]
[Annotator "ChessBase"]
[PlyCount "106"]
[EventDate "2023.10.22"]
[EventType "swiss"]
[EventCountry "ITA"]
[SourceTitle "playchess.com"]
[Source "ChessBase"]
[SourceQuality "1"]
[TimeControl "40/5400+30:1800+30"]

1. c4 c5 2. Nf3 g6 3. g3 Bg7 4. Bg2 Nc6 5. O-O d6 6. Nc3 Bf5 7. Re1 Qd7 8. d3 Bh3 9. Bh1 h6 10. Rb1 Bxc3 11. bxc3 Nf6 12. e4 e5 13. Nh4 b6 14. Ng2 Bxg2 15. Bxg2 g5 16. f4 gxf4 17. gxf4 Rg8 18. Qf3 Qg4 19. Qxg4 Rxg4 20. Rf1 Ke7 21. Rb2 Rag8 22. f5 Rh4 23. Rf3 Nh5 24. Rbf2 Kf6 25. Bxh6 Rh8 26. Be3 Nf4 27. Rxf4 exf4 28. Bxf4 Ne5 29. Bg3 Rg4 30. Bf1 Nd7 31. Be2 Rg7 32. Kf1 Ke7 33. d4 f6 34. e5 dxe5 35. dxe5 Rxg3 36. exf6+ Nxf6 37. hxg3 Ne4 38. Rf4 Nxg3+ 39. Kf2 Rh2+ 40. Kxg3 Rxe2 41. Rh4 Rxa2 42. Kf4 Rf2+ 43. Ke5 Re2+ 44. Kf4 Kf6 45. Rh6+ Kg7 46. Rd6 Kf7 47. Rh6 Rc2 48. Ke5 Re2+ 49. Kf4 Kg7 50. Rd6 Rc2 51. Kg5 Rg2+ 52. Kf4 Rc2 53. Kg5 Rg2+ 1/2-1/2